 Dungeon Crawl Stone Soup version 0.31-a0-574-g69dc8cc98e (webtiles) character file.

Game seed: 3797879171436879208

31 Zonian the Sneak (level 3, -7/21 HPs)
             Began as an Octopode Hedge Wizard on Aug 19, 2023.
             Mangled by Robin
             ... wielding a +2 trident of flaming
              (8 damage)
             ... on level 1 of the Dungeon.
             The game lasted 00:01:50 (1345 turns).

Zonian the Sneak (Octopode Hedge Wizard)            Turns: 1345, Time: 00:01:50

Health: -7/21      AC:  1    Str: 11    XL:     3   Next: 22%
Magic:  7/7        EV: 13    Int: 16    God:
Gold:   100        SH:  0    Dex: 11    Spells: 7/8 levels left

rFire   . . .        a - +0 dagger
rCold   . . .        (no shield)
rNeg    . . .        b - +0 hat
rPois   .            (no amulet)
rElec   .            (no ring)
rCorr   .            (no ring)
SInv    .            (no ring)
Will    .....        (no ring)
Stlth   +++          (no ring)
HPRegen 0.23/turn    (no ring)
MPRegen 0.10/turn    (no ring)
                     (no ring)

%: no passive effects
@: no status effects
A: almost no armour, amphibious, 8 rings, camouflage 1, gelatinous body 1,
(nimble swimmer 1), tentacles
a: no special abilities


You were on level 1 of the Dungeon.
You visited 1 branch of the dungeon, and saw 2 of its levels.

You collected 100 gold pieces.

Inventory:

Hand Weapons
 a - a +0 dagger (weapon)
Armour
 b - a +0 hat (worn)
Scrolls
 e - 2 scrolls of immolation {unknown}
 f - a scroll of fear {unknown}
 g - a scroll of teleportation {unknown}
Potions
 c - a potion of magic
 d - a potion of brilliance {unknown}
 h - a potion of lignification {unknown}
 i - a potion of attraction {unknown}


   Skills:
 + Level 2.3 Dodging
 + Level 3.3 Stealth
 + Level 3.1 Spellcasting
 + Level 1.5 Conjurations
 + Level 1.4 Summonings
 + Level 1.3 Translocations


You had 7 spell levels left.
You knew the following spells:

 Your Spells              Type           Power      Damage    Failure   Level
a - Magic Dart            Conj           28%        1d4       10%         1

Your spell library contained the following spells:

 Spells                   Type           Power      Damage    Failure   Level
 Blink                    Tloc           12%        N/A       16%         2
 Call Imp                 Summ           14%        N/A       16%         2
 Slow                     Hex            8%         N/A       19%         1
 Cigotuvi's Dreadful Rot  Necr/Pois/Air  4%         N/A       28%         2
 Mephitic Cloud           Conj/Pois/Air  4%         N/A       41%         3
 Freezing Cloud           Conj/Ice/Air   2%         6-21      99%         5
 Simulacrum               Ice/Necr       1%         N/A       100%        6


Dungeon Overview and Level Annotations

Branches:
Dungeon (2/15)

Altars:

Annotations:
D:1 Robin


Innate Abilities, Weirdness & Mutations

You cannot wear most types of armour.
You are amphibious.
You can wear up to eight rings at the same time.
Your skin changes colour to match your surroundings (Stealth+).
Your rubbery body absorbs attacks. (AC +1, EV +1)
((You are camouflaged when in or above water. (Stealth+)))
You have tentacles for arms and can constrict up to eight enemies at once.


Message History

The dart slug is almost dead.
You constrict the dart slug.
You kill the dart slug!
You see here a dart slug corpse.
Unknown command.
Your magical contamination has completely faded away.
You see here a dart slug corpse.
Done exploring.
Done exploring.
Unknown command.
Okay, then.
There is a stone staircase leading down here.
You climb downwards.
The goblin shouts!
The hobgoblin shouts!
The goblin shouts! x3
The kobold shouts!
You hear a shout!
The goblin shouts!
The adder hisses angrily.
Found a scroll labelled DOEXKEI QAWACH.
Found a stone staircase leading up.
There is a stone staircase leading up here.
There are monsters nearby!
Unknown command.
You hear an angry hiss.
Robin closely misses you. The goblin hits you with a +0 club.
The goblin misses you. The hobgoblin hits you.
You climb upwards.
There is a stone staircase leading down here.
Unknown command.
You barely miss the goblin. You grab the goblin.
Your squeeze misses the goblin. You constrict the goblin.
The goblin hits you with a +0 club. x2
Robin roars a battlecry!
The goblins go into a battle-frenzy!
The hobgoblin closely misses you.
You barely miss the goblin.
The goblin is moderately wounded.
You constrict the goblin.
You kill the goblin!
The goblin hits you with a +0 club.
* * * LOW HITPOINT WARNING * * *
Robin hits you with a +2 trident of flaming!
You die...

...........# ##.###.....#########
#####...##### #.# #..............
............###+###.....#########
.####.......#...........#
#....##.....#........####
.......#..###........##
...)..#.#....######...#
#....#..#....######...#
.#..#....#.....g@)....#
..##.....#.....gg##...#
..##.....#.#..........#
.#..#....#...........##
#....#..#............#
......#.#.......#....#
.......#...#....######
#....##..######## .####...##


You could see Robin, a hobgoblin (strong) and a goblin (strong).

Vanquished Creatures
  2 dart slugs (D:1)
  A bat (D:1)
  2 endoplasms (D:1)
  5 goblins (D:1)
  2 hobgoblins (D:1)
  3 kobolds (D:1)
  2 quokkas (D:1)
  5 ball pythons (D:1)
  A frilled lizard (D:1)
  2 rats (D:1)
25 creatures vanquished.

Notes
Turn   | Place    | Note
-------+----------+-------------------------------------------
     0 | D:1      | Zonian the Octopode Hedge Wizard began the quest for the
                  | Orb.
     0 | D:1      | Reached XP level 1. HP: 11/11 MP: 4/4
   173 | D:1      | Reached XP level 2. HP: 17/17 MP: 1/6
   539 | D:1      | Got the Folio of Loss
   794 | D:1      | Reached XP level 3. HP: 18/21 MP: 1/7
  1341 | D:2      | Identified the +3 helmet of Autotheism {Int+3 SInv Stlth+}
  1341 | D:2      | Noticed Robin
  1345 | D:1      | HP: 1/21 [goblin/+0 club[Robin] (6)]
  1345 | D:1      | Mangled by Robin

Illustrated notes

Levels and vault maps discovered:
D:1:      evilmike_arrival_plus, layout_basic, minmay_circled_x
D:2:      layout_loops_cross, shapermc_ecumenical_altar_ellora, uniq_jessica,
          uniq_robin, uniq_natasha

Skill      XL: |  1  2 |
---------------+-------+-----
Stealth        | 3 |  3.3
Dodging        | |  2.3
Spellcasting   | |  3.1
Conjurations   | |  1.5
Summonings     | |  1.4
Translocations | |  1.3

Action                     || total
---------------------------++-------
  Melee: Dagger            ||    22
         Constrict         ||     8
         Tentacles         ||     8
         Punch             ||     1
   Cast: Magic Dart        ||    52
 Armour: Skin              ||     1
  Dodge: Dodged            ||    23

Table legend: (Time is in decaauts)
 A = Elapsed time spent in this place.
 B = Non-inter-level travel time spent in this place.
 C = Inter-level travel time spent in this place.
 D = Time resting spent in this place.
 E = Time spent auto-exploring this place.
 F = Levels seen in this place.
 G = Mean time per level.
                   A        B        C        D        E       F      G
               +--------+--------+--------+--------+--------+-----+--------+
         Total |   1345 |   1331 |     14 |     58 |   1093 |   2 |  672.5 |
       Dungeon |   1345 |   1331 |     14 |     58 |   1093 |   2 |  672.5 |
               +--------+--------+--------+--------+--------+-----+--------+

Top non-repeatable levels by time:
     D:1: 1343 daAuts
     D:2: 1 daAuts
